 Dungeon Crawl Stone Soup version 0.31-a0-1242-g57893ffec4 (webtiles) character file.

Game seed: 2037821866910471466

32 drskyman the Trooper (level 3, -3/33 HPs)
             Began as a Hill Orc Fighter on Dec 16, 2023.
             Frozen to death by an endoplasm (5 damage)
             ... on level 1 of the Dungeon.
             The game lasted 00:14:10 (395 turns).

drskyman the Trooper (Hill Orc Fighter)              Turns: 395, Time: 00:14:11

Health: -3/33      AC:  8    Str: 18    XL:     3   Next: 27%
Magic:  0/3        EV:  9    Int: 10    God:
Gold:   23         SH:  4    Dex: 10    Spells: 2/2 levels left

rFire   . . .        e - +0 club
rCold   . . .        c - +0 buckler
rNeg    . . .        b - +0 scale mail
rPois   .            f - +0 helmet
rElec   .            (no cloak)
rCorr   .            (no gloves)
SInv    .            (no boots)
Will    .....        i - amulet of guardian spirit Stlth
                     (no ring)
HPRegen 0.25/turn    (no ring)
MPRegen 0.08/turn

%: guardian spirit
@: no status effects
A: no striking features
a: no special abilities


You were on level 1 of the Dungeon.
You visited 1 branch of the dungeon, and saw 1 of its levels.

You collected 23 gold pieces.

Inventory:

Hand Weapons
 a - a +0 rapier
 e - a +0 club (weapon)
 h - a +0 dagger
 j - a +0 dagger
 k - a +0 mace
Armour
 b - a +0 scale mail (worn)
 c - a +0 buckler (worn)
 f - a +0 helmet (worn)
 g - a +0 scale mail
Jewellery
 i - an amulet of guardian spirit (around neck)
Potions
 d - a potion of might


   Skills:
 + Level 3.9 Fighting
 + Level 2.2 Short Blades
 + Level 0.3 Maces & Flails
 + Level 3.8 Armour
 + Level 3.7 Shields


You had 2 spell levels left.
You didn't know any spells.
Your spell library was empty.

Dungeon Overview and Level Annotations

Branches:
Dungeon (1/15)

Altars:


Message History

The gnoll hits you with a +0 spear.
* * * LOW HITPOINT WARNING * * *
You barely miss the gnoll.
The gnoll is lightly wounded.
The endoplasm quivers.
You block the gnoll's attack. The gnoll hits you but does no damage.
You hit the gnoll.
The gnoll is moderately wounded.
You block the gnoll's attack.
You hit the gnoll.
The gnoll is heavily wounded.
The gnoll closely misses you.
You hit the gnoll but do no damage.
The gnoll is heavily wounded.
The gnoll closely misses you. The gnoll hits you but does no damage.
You hit the gnoll but do no damage.
The gnoll is heavily wounded.
The endoplasm hits you but does no damage.
The gnoll hits you but does no damage.
You hit the gnoll.
The gnoll is heavily wounded.
You block the endoplasm's attack. The gnoll misses you.
You hit the gnoll.
The gnoll is severely wounded.
The endoplasm hits you.
* * * LOW HITPOINT WARNING * * *
The gnoll hits you with a +0 spear!
* * * LOW HITPOINT WARNING * * *
You hit the gnoll.
You kill the gnoll!
The endoplasm hits you but does no damage.
The endoplasm closely misses you.
You have reached level 3!
Your experience leads to an increase in your attributes!
Increase (S)trength, (I)ntelligence, or (D)exterity?
You feel clever. x2
You barely miss the endoplasm. The endoplasm freezes you.
You are frozen.
You die...

###########
#.........#
#.........#
#.........#
###...######## .
#.#.##.....# ..>
###.#.#..###.#####..#
##...#...##
#.†@J...#..
#..###.###
###)....... #.##...#
#.####... #.##.#.#
(.# . ##.#..#.# ##..
#....##... #.>
#........# #...
..#####.## #... .## #
#....


You could see an endoplasm.

Vanquished Creatures
  A gnoll (D:1)
  2 dart slugs (D:1)
  3 endoplasms (D:1)
  A giant cockroach (D:1)
  2 goblins (D:1)
  A hobgoblin (D:1)
  A ball python (D:1)
  3 bats (D:1)
  2 frilled lizards (D:1)
  2 rats (D:1)
18 creatures vanquished.

Notes
Turn   | Place    | Note
-------+----------+-------------------------------------------
     0 | D:1      | drskyman the Hill Orc Fighter began the quest for the Orb.
     0 | D:1      | Reached XP level 1. HP: 19/19 MP: 1/1
   200 | D:1      | Reached XP level 2. HP: 26/27 MP: 2/2
   393 | D:1      | HP: 1/27 [gnoll/+0 spear (7)]
   395 | D:1      | Reached XP level 3. HP: 2/33 MP: 0/3
   395 | D:1      | Frozen to death by an endoplasm

Illustrated notes

Levels and vault maps discovered:
D:1:      dpeg_arrival_tiny_k, layout_rooms

Action                     || total
---------------------------++-------
  Melee: Rapier            ||    32
         Club              ||    46
    Use: Scroll            ||     1
 Armour: Scale mail        ||    73
  Dodge: Dodged            ||    54
  Block: Buckler           ||    26

Table legend: (Time is in decaauts)
 A = Elapsed time spent in this place.
 B = Non-inter-level travel time spent in this place.
 C = Inter-level travel time spent in this place.
 D = Time resting spent in this place.
 E = Time spent auto-exploring this place.
 F = Levels seen in this place.
 G = Mean time per level.
                   A        B        C        D        E       F      G
               +--------+--------+--------+--------+--------+-----+--------+
         Total |    413 |    337 |     76 |    100 |      1 |   1 |  413.0 |
       Dungeon |    413 |    337 |     76 |    100 |      1 |   1 |  413.0 |
               +--------+--------+--------+--------+--------+-----+--------+

Top non-repeatable levels by time:
     D:1: 413 daAuts
